 Dungeon Crawl Stone Soup version 0.22-a0-515-g75794bf (webtiles) character file.

68 Amnesiac the Ducker (level 4, 0/23 HPs)
             Began as a Spriggan Berserker on June 19, 2018.
             Was an Initiate of Gozag.
             Succumbed to an adder's poison
             ... on level 2 of the Dungeon.
             The game lasted 00:03:43 (1927 turns).

Amnesiac the Ducker (Spriggan Berserker)            Turns: 1927, Time: 00:03:45

Health: 0/23       AC:  2    Str: 12 (14) XL:     4   Next: 1%
Magic:  5/5        EV: 20    Int:  6 (8)  God:    Gozag
Gold:   139        SH:  0    Dex: 13 (15) Spells: 3/3 levels left

rFire    . . .     SeeInvis +   a - +0 short sword
rCold    . . .     Gourm    .   (shield restricted)
rNeg     . . .     Faith    .   b - +0 animal skin
rPois    .         Spirit   .   (helmet restricted)
rElec    .         Reflect  .   (no cloak)
rCorr    +         Harm     .   (gloves unavailable)
MR       .....                  (boots unavailable)
Stlth    ++........             (no amulet)
HPRegen  0.07/turn              h - ring of resist corrosion
MPRegen  0.09/turn              (no ring)

@: lethally poisoned (0 -> -17), hasted, very quick
A: very small, unfitting armour, see invisible, herbivore, speed 3, slow
metabolism 2
a: Potion Petition, Call Merchant, Bribe Branch, Renounce Religion


You were on level 2 of the Dungeon.
You worshipped Gozag.
Gozag was aware of your devotion.
You were not hungry.

You visited 1 branch of the dungeon, and saw 2 of its levels.

You collected 162 gold pieces.
You paid 23 gold pieces to Gozag.

Inventory:

Hand Weapons
 a - a +0 short sword (weapon)
Armour
 b - a +0 animal skin (worn)
Jewellery
 h - a ring of resist corrosion (left hand)
Scrolls
 d - 2 scrolls of noise {!r, unknown}
 e - a scroll of enchant weapon {!r, unknown}
 i - a scroll of remove curse {!r, unknown}
Potions
 j - a potion of resistance {!q, unknown}
Comestibles
 c - 2 rations


   Skills:
 - Level 2.4 Fighting
 * Level 4.4 Short Blades
 + Level 5.3 Dodging
 + Level 2.6 Stealth


You had 3 spell levels left.
You didn't know any spells.
Your spell library was empty.

Dungeon Overview and Level Annotations

Branches:
Dungeon (2/15)

Altars:
Gozag

Shops:
D:2 *

Annotations:
D:2 1 runed door


Innate Abilities, Weirdness & Mutations

You are very small and have problems with some larger weapons.
You are too small for most types of armour.
You have supernaturally acute eyesight. (SInv)
You are a herbivore.
You cover ground extremely quickly.
You need to consume almost no food.


Message History

You hit the adder.
The adder is severely wounded.
The adder closely misses you.
You hit the adder.
The adder is almost dead.
The adder misses you.
You hit the adder.
You kill the adder!
You have reached level 4!
You now have 139 gold pieces (gained 9).
You see here a stone.
There is a stone staircase leading up here.
You start resting.
The adder is too close now for your liking.
You hit the adder.
The adder is moderately wounded.
The adder closely misses you.
You miss the adder.
The adder is moderately wounded.
The adder barely misses you.
You closely miss the adder.
The adder is moderately wounded.
The adder bites you.
You are poisoned.
The adder poisons you!
You miss the adder.
The adder is moderately wounded.
You feel sick. The adder misses you.
You closely miss the adder.
The adder is moderately wounded.
The adder bites you.
You are more poisoned.
The adder poisons you!
You hit the adder but do no damage.
The adder is moderately wounded.
You feel sick. The adder misses you. The adder bites you.
* * * LOW HITPOINT WARNING * * *
You are more poisoned.
The adder poisons you!
You miss the adder.
The adder is moderately wounded.
* * * LOW HITPOINT WARNING * * *
You feel sick. The adder barely misses you.
You hit the adder.
The adder is heavily wounded.
* * * LOW HITPOINT WARNING * * *
You feel sick. The adder bites you.
* * * LOW HITPOINT WARNING * * *
You are more poisoned.
The adder poisons you!
Really quaff
f - an orange potion {!q}?
It was a potion of degeneration {!q}.
There was something very wrong with that liquid.
You feel weakened.
You feel dopey.
You feel clumsy.
* * * LOW HITPOINT WARNING * * *
You feel sick. The adder misses you.
* * * LOW HITPOINT WARNING * * *
You feel sick.
* * * LOW HITPOINT WARNING * * *
You feel sick.
Really quaff
g - a lumpy silvery potion {!q}?
It was a potion of haste {!q}.
You feel yourself speed up.
You die...
Your body crumbles into a pile of gold.

#######.# ### #.# #..
#.# #.# ######S## #.#
#.......#######.####...
#.####...(...........#
#.# #.########.####.#
#.# #.# #(# # ##.####.#
#@# # # .)......#
#####.####.### #
##.######
#....S........ . #.#
#.####........ # #.#
#.##..<..##### # #.#
#.##.#...# # #.#
#S##.##### # #.# #.##.#
# #.# #.##.# #


You could see an adder.

Vanquished Creatures
  Jessica (D:2)
  2 adders (D:2)
  3 dart slugs
  2 bats (D:1)
  3 giant cockroaches
  A goblin (D:1)
  A hobgoblin (D:1)
  4 kobolds
  2 rats
19 creatures vanquished.

Notes
Turn   | Place    | Note
-------+----------+-------------------------------------------
     0 | D:1      | Amnesiac the Spriggan Berserker began the quest for the Orb.
     0 | D:1      | Reached XP level 1. HP: 11/11 MP: 2/2
    88 | D:2      | Reached skill level 1 in Stealth
    88 | D:2      | Reached XP level 2. HP: 16/16 MP: 3/3
   119 | D:2      | Noticed Jessica
   120 | D:2      | Found Gozag's Platinum Reserve.
   140 | D:2      | Killed Jessica
   140 | D:2      | Reached skill level 5 in Dodging
   140 | D:2      | Reached XP level 3. HP: 19/19 MP: 4/4
   173 | D:2      | Found an opulent altar of Gozag.
   245 | D:2      | Found a runed door.
   533 | D:2      | Fell from the grace of Trog
   533 | D:2      | Became a worshipper of Gozag Ym Sagoz the Greedy
  1900 | D:2      | Reached XP level 4. HP: 19/23 MP: 5/5
  1927 | D:2      | Succumbed to an adder's poison

Vault maps used:
D:1:      matt_arrival_los_fun
D:2:      nicolae_gozag_zags_fifth_avenue, uniq_jessica, uniq_crazy_yiuf_cottage

Skill      XL: |  1  2 |
---------------+-------+-----
Stealth        | 1 2 |  2.6
Short Blades   | 4 |  4.4
Dodging        | 5 |  5.3
Fighting       | |  2.4

Action                   |  1- 3 |  4- 6 || total
-------------------------+-------+-------++-------
Melee: Short sword       |    68 |     8 ||    76
Invok: Berserk           |     2 |       ||     2
  Use: Potion            |       |     2 ||     2
 Stab: Sleeping          |     4 |       ||     4
       Distracted        |     1 |       ||     1
Armor: Animal skin       |     3 |       ||     3
Dodge: Dodged            |    50 |     6 ||    56

Table legend:
 A = Spawn XP
 B = Non-spawn XP
 C = Spawn XP percentage of total XP
 D = Spawn monster count
 E = Non-spawn monster count
 F = Spawn count percentage of total count
 G = Total turns spent on level
                    A         B        C        D         E        F      G
               +---------+---------+-------+---------+---------+-------+---------
         Total |       0 |      98 |   0.0 |       0 |      19 |   0.0 |  1927
               +---------+---------+-------+---------+---------+-------+---------
           D:1 |       0 |      19 |   0.0 |       0 |       9 |   0.0 |  1255
           D:2 |       0 |      79 |   0.0 |       0 |      10 |   0.0 |   672
               +---------+---------+-------+---------+---------+-------+---------
